 Dungeon Crawl Stone Soup version 0.30.0-10-gfe55d96785 (webtiles) character file.

Game seed: 1561738571990978671

3210 qw the Cleaver (level 9, -3/57 HPs)
             Began as a Gargoyle Fighter on May 13, 2023.
             Was a Believer of Okawaru.
             Killed from afar by a gargoyle (25 damage)
             ... with a stone arrow
             ... on level 8 of the Dungeon.
             The game lasted 00:03:10 (6709 turns).

qw the Cleaver (Gargoyle Fighter)                   Turns: 6709, Time: 00:03:10

Health: -3/57      AC: 25    Str: 24    XL:     9   Next: 97%
Magic:  10/12      EV: 13    Int:  9    God:    Okawaru [**....]
Gold:   418        SH:  6    Dex:  9    Spells: 8/8 levels left

rFire   . . .        Y - +1 war axe (elec)
rCold   . . .        c - +0 buckler
rNeg    + . .        e - +0 plate armour
rPois   inf          o - +2 hat
rElec   +            n - +1 cloak of Liberty {+Inv rPois Stlth+}
rCorr   .            (no gloves)
SInv    .            (no boots)
Will    .....        (no amulet) Stlth
                     g - +5 ring of evasion
HPRegen 0.29/turn    (no ring)
MPRegen 0.13/turn

%: no passive effects
@: heroic
A: sickness immunity, AC +6, negative energy resistance 1, electricity
resistance, torment resistance 1, petrification resistance
a: Renounce Religion, Evoke Invisibility, Heroism


You were on level 8 of the Dungeon.
You worshipped Okawaru.
Okawaru was pleased with you.
You visited 1 branch of the dungeon, and saw 8 of its levels.

You collected 418 gold pieces.


Innate Abilities, Weirdness & Mutations

You are immune to sickness and miasma.
Your stone body is resilient. (AC +6)
You are immune to poison.
You resist negative energy. (rN+)
You are resistant to electric shocks. (rElec)
You are resistant to unholy torment.
You are immune to petrification.


   Skills:
 - Level 7.0(12.0) Fighting
 + Level 9.3(14.3) Axes
 - Level 2.5(7.5) Throwing
 - Level 6.0(11.0) Armour
 - Level 1.0(6.0) Dodging
 - Level 4.2(9.2) Shields
 - Level 4.2 Invocations


You had 8 spell levels left.
You didn't know any spells.
Your spell library was empty.

Inventory:

Hand Weapons
 q - a +2 hand axe of flaming
 Y - a +1 war axe of electrocution (weapon)
Missiles
 b - 2 boomerangs (quivered)
Armour
 c - a +0 buckler (worn)
 e - a +0 plate armour (worn)
 n - the +1 cloak of Liberty (worn) {+Inv rPois Stlth+}
   (You found it on level 2 of the Dungeon)

   rPois:     It protects you from poison.
   +Inv:      It lets you turn invisible.
   Stlth:     It makes you more stealthy.
 o - a +2 hat (worn)
Jewellery
 g - a +5 ring of evasion (left hand)
Wands
 a - a wand of digging (5)
Scrolls
 k - 3 scrolls of teleportation
 l - a scroll of identify
Potions
 d - a potion of might
 f - a potion of mutation
 h - a potion of attraction
 i - 4 potions of curing
 j - 2 potions of heal wounds
 m - a potion of lignification {unknown}
 p - a potion of magic

Dungeon Overview and Level Annotations

Branches:
Dungeon (8/15)             Temple (0/1) D:5
   Lair: D:8-11

Altars:
Ashenzari
Elyvilon
Nemelex Xobeh
Okawaru
Qazlal
Vehumet
Wu Jian
Xom

Shops:
D:1 (

Annotations:
D:5 1 runed translucent door, Crazy Yiuf


Message History

An orc wizard is nearby!
You throw a boomerang. The boomerang hits the orc wizard!
You kill the orc wizard!
Okawaru accepts your kill.
Magic restored.
There is an open door, spattered with blood here.
Items here: %% ))) [[.
r - 2 javelins You feel like a meek peon again.
j - 2 potions of heal wounds (gained 1)
You now have 418 gold pieces (gained 8).
A gargoyle comes into view. It is wielding a +4 morningstar.
You throw a javelin.
The javelin pierces through the gargoyle!
The gargoyle is moderately damaged.
The gargoyle hurls a stone arrow at you.
The stone arrow hits you!
You throw a javelin. The javelin barely misses the gargoyle.
You hit the gargoyle but do no damage.
The gargoyle is moderately damaged.
The gargoyle hits you with a +4 morningstar!
You hit the gargoyle but do no damage.
The gargoyle is moderately damaged.
The gargoyle hits you with a +4 morningstar!
6705 ||| INVOKING Heroism.
You gain the combat prowess of a mighty hero.
The gargoyle hits you with a +4 morningstar.
You slash the gargoyle!
The gargoyle is heavily damaged.
You block the gargoyle's attack.
You hit the gargoyle but do no damage.
The gargoyle is heavily damaged.
You hit the gargoyle but do no damage.
The gargoyle is heavily damaged.
The gargoyle hits you with a +4 morningstar!
You hit the gargoyle.
The gargoyle is heavily damaged.
The gargoyle hurls a stone arrow at you.
The stone arrow hits you!!
You die...

#¤¤¤# ##).# #~.~#
##...# #~.~# ##.....
#~.¤# #...### ## #~.~#
######.#.# # #.. #~.~#
#........# # #(..
#~¤¤###.#.###..###
#....##¤##.......#..%..
#.9@.####...#....%##
#....# #..#..#####.
#########.....'.....
#..##.....#####.
#..##.......:.##
#...#...........
#..........###.#
#...##.##### #..
###.##.# ###


You could see a gargoyle.

Vanquished Creatures
  A hornet (D:5)
  2 steam dragons (D:6)
  2 water moccasins (D:7)
  Duvessa (D:7)
  2 orc warriors
  3 sky beasts (D:7)
  3 ice beasts
  2 centaurs
  A phantom (D:3)
  A bullfrog (D:7)
  A gnoll sergeant (D:7)
  2 scorpions
  3 wights (D:7)
  Dowan (D:7)
  5 killer bees (D:8)
  2 howler monkeys
  2 hounds
  3 orc priests
  A gnoll bouda (D:4)
  A sleepcap (D:6)
  5 iguanas
  5 orc wizards
  11 gnolls
  7 adders
  2 ufetubi
  3 worms
  A dart slug (D:4)
  22 orcs
  6 bats
  10 endoplasms
  A giant cockroach (D:3)
  6 goblins
  10 hobgoblins
  8 kobolds
  4 quokkas
  11 ball pythons
  3 frilled lizards
  5 rats
159 creatures vanquished.

Vanquished Creatures (others)
  An orc wizard (D:7)
1 creature vanquished.

Grand Total: 160 creatures vanquished

Notes
Turn   | Place    | Note
-------+----------+-------------------------------------------
     0 | D:1      | qw the Gargoyle Fighter began the quest for the Orb.
     0 | D:1      | Reached XP level 1. HP: 14/14 MP: 1/1
     0 | D:1      | 0 ||| qw: Version: 0.2-a-92-gb77fa06
     0 | D:1      | 0 ||| qw: Game counter: 10
     0 | D:1      | 0 ||| qw: Always use a shield: true
     0 | D:1      | 0 ||| qw: God list: Okawaru
     0 | D:1      | 0 ||| qw: Allow faded altars: false
     0 | D:1      | 0 ||| qw: Do Orc after D:15 true
     0 | D:1      | 0 ||| qw: Do second Lair branch before Depths: true
     0 | D:1      | 0 ||| qw: Lair rune preference: random
     0 | D:1      | 0 ||| qw: Plans: Normal, Zot:1-4, God:TSO, Crypt, Tomb,
                  | Pan, Slime:5, Hells, Abyss, Win
     0 | D:1      | 0 ||| PLANNING D:1-11
    38 | D:1      | Reached skill level 2 in Axes
    46 | D:1      | Found a faded altar of an unknown god.
   117 | D:1      | Reached XP level 2. HP: 19/19 MP: 2/2
   261 | D:1      | Found Valemox's Antique Weapon Shoppe.
   275 | D:1      | 275 ||| Stepping ~*~*~tactically~*~*~ (stealth).
   301 | D:1      | 301 ||| SHOPLISTING glowing whip (137 gold, have 21).
   301 | D:1      | 301 ||| SHOPLISTING mace (75 gold, have 21).
   355 | D:1      | Reached skill level 3 in Axes
   389 | D:1      | 389 ||| DROPPING +0 club.
   475 | D:1      | Reached XP level 3. HP: 23/23 MP: 3/3
   644 | D:1      | 644 ||| DROPPING amulet of magic regeneration.
   645 | D:1      | 645 ||| READING scroll labelled RUVVIMPUIJU.
   650 | D:1      | 650 ||| READING scroll labelled ITOPEU RECAMUS.
   651 | D:1      | 651 ||| DRINKING 2 grey potions.
   676 | D:2      | 676 ||| STAIRDANCE
   809 | D:2      | 809 ||| Stepping ~*~*~tactically~*~*~ (stealth).
   818 | D:2      | 818 ||| Stepping ~*~*~tactically~*~*~ (stealth).
   822 | D:2      | 822 ||| Stepping ~*~*~tactically~*~*~ (stealth).
   826 | D:2      | 826 ||| Stepping ~*~*~tactically~*~*~ (stealth).
   828 | D:2      | 828 ||| Stepping ~*~*~tactically~*~*~ (stealth).
   836 | D:2      | 836 ||| Stepping ~*~*~tactically~*~*~ (stealth).
   843 | D:2      | 843 ||| Stepping ~*~*~tactically~*~*~ (stealth).
   897 | D:2      | 897 ||| Stepping ~*~*~tactically~*~*~ (stealth).
  1109 | D:2      | Identified the +1 cloak of Liberty {+Inv rPois Stlth+}
  1261 | D:2      | Identified the +7 dagger of the Known World {drain, Stlth+}
  1339 | D:2      | Reached XP level 4. HP: 28/28 MP: 4/4
  1364 | D:2      | 1364 ||| UPGRADING to +1 cloak of Liberty {+Inv rPois
                  | Stlth+}.
  1369 | D:2      | 1369 ||| READING scroll labelled NUTHRUU EHEL.
  1370 | D:2      | 1370 ||| READING scroll labelled SEUVAI AKUTS.
  1371 | D:2      | 1371 ||| READING scroll labelled SUSA CIBEWAFU.
  1372 | D:2      | 1372 ||| READING 2 scrolls labelled TEMPEIV IHIGU.
  1373 | D:2      | 1373 ||| READING scroll labelled XADOPA BAWNE.
  1374 | D:2      | 1374 ||| DRINKING 2 golden potions.
  1483 | D:3      | Reached skill level 4 in Axes
  1697 | D:3      | Found a stormy altar of Qazlal.
  1937 | D:3      | Found an iron altar of Okawaru.
  1938 | D:3      | 1938 ||| PLANNING OKAWARU WORSHIP
  1938 | D:3      | 1938 ||| READING 2 scrolls of identify.
  1938 | D:3      | 1938 ||| IDENTIFYING white potion
  1939 | D:3      | 1939 ||| DROPPING potion of invisibility.
  1943 | D:3      | Became a worshipper of Warmaster Okawaru
  1944 | D:3      | 1944 ||| PLANNING D:1-11
  1947 | D:3      | Found a sparkling altar of Nemelex Xobeh.
  1950 | D:3      | Found a broken altar of Ashenzari.
  2036 | D:3      | Noticed a phantom
  2044 | D:3      | Killed a phantom
  2045 | D:3      | Reached XP level 5. HP: 32/32 MP: 5/5
  2169 | D:4      | Found a white marble altar of Elyvilon.
  2174 | D:4      | Reached skill level 5 in Axes
  2190 | D:4      | 2190 ||| Stepping ~*~*~tactically~*~*~ (stealth).
  2191 | D:4      | 2191 ||| Stepping ~*~*~tactically~*~*~ (stealth).
  2215 | D:4      | 2215 ||| Stepping ~*~*~tactically~*~*~ (stealth).
  2250 | D:4      | 2250 ||| Stepping ~*~*~tactically~*~*~ (stealth).
  2251 | D:4      | 2251 ||| Stepping ~*~*~tactically~*~*~ (stealth).
  2252 | D:4      | 2252 ||| Stepping ~*~*~tactically~*~*~ (stealth).
  2253 | D:4      | 2253 ||| Stepping ~*~*~tactically~*~*~ (stealth).
  2254 | D:4      | 2254 ||| Stepping ~*~*~tactically~*~*~ (stealth).
  2276 | D:4      | 2276 ||| Stepping ~*~*~tactically~*~*~ (stealth).
  2278 | D:4      | 2278 ||| Stepping ~*~*~tactically~*~*~ (hiding).
  2296 | D:4      | Reached * piety under Okawaru
  2297 | D:4      | Reached skill level 1 in Dodging
  2297 | D:4      | Reached XP level 6. HP: 16/38 MP: 6/6
  2297 | D:4      | 2297 ||| INVOKING Heroism.
  2298 | D:4      | 2298 ||| INVOKING Heroism.
  2311 | D:4      | 2311 ||| INVOKING Heroism.
  2397 | D:4      | 2397 ||| READING scroll of brand weapon.
  2397 | D:4      | 2397 ||| BRANDING +1 war axe of freezing.
  2635 | D:4      | 2635 ||| Stepping ~*~*~tactically~*~*~ (stealth).
  2658 | D:4      | 2658 ||| Stepping ~*~*~tactically~*~*~ (stealth).
  2741 | D:4      | Reached skill level 1 in Throwing
  2747 | D:4      | 2747 ||| DROPPING +0 whip.
  2797 | D:4      | Reached skill level 1 in Invocations
  2942 | D:4      | 2942 ||| Stepping ~*~*~tactically~*~*~ (hiding).
  2943 | D:4      | 2943 ||| Stepping ~*~*~tactically~*~*~ (hiding).
  3069 | D:4      | 3069 ||| Stepping ~*~*~tactically~*~*~ (hiding).
  3322 | D:4      | 3322 ||| UPGRADING to +0 chain mail.
  3332 | D:4      | 3332 ||| DROPPING +0 scale mail.
  3333 | D:4      | 3333 ||| READING scroll labelled XEBAEL SUMYKK.
  3334 | D:4      | 3334 ||| READING scroll labelled OQOMUME QICKIT.
  3448 | D:5      | Entered Level 5 of the Dungeon
  3448 | D:5      | Noticed an ice beast
  3448 | D:5      | Found a staircase to the Ecumenical Temple.
  3449 | D:5      | 3449 ||| INVOKING Heroism.
  3454 | D:5      | Killed an ice beast
  3455 | D:5      | Reached skill level 6 in Axes
  3455 | D:5      | Reached XP level 7. HP: 35/43 MP: 4/8
  3586 | D:5      | Found a shimmering altar of Xom.
  3588 | D:5      | Found a shimmering altar of Xom.
  3631 | D:5      | Noticed a hornet
  3632 | D:5      | 3632 ||| Stepping ~*~*~tactically~*~*~ (stealth).
  3646 | D:5      | 3646 ||| INVOKING Heroism.
  3658 | D:5      | Killed a hornet
  3659 | D:5      | Reached skill level 3 in Invocations
  3715 | D:5      | 3715 ||| Stepping ~*~*~tactically~*~*~ (stealth).
  3719 | D:5      | 3719 ||| Stepping ~*~*~tactically~*~*~ (stealth).
  3722 | D:5      | 3722 ||| Stepping ~*~*~tactically~*~*~ (stealth).
  3725 | D:5      | 3725 ||| Stepping ~*~*~tactically~*~*~ (stealth).
  3904 | D:5      | 3904 ||| Stepping ~*~*~tactically~*~*~ (stealth).
  3914 | D:5      | Reached XP level 8. HP: 48/48 MP: 9/11
  3966 | D:5      | Found a runed translucent door.
  3967 | D:5      | Noticed Crazy Yiuf
  4328 | D:5      | 4328 ||| UPGRADING to +2 hat.
  4333 | D:5      | 4333 ||| DROPPING ring of flight.
  4334 | D:5      | 4334 ||| DRINKING 2 glowing clear potions.
  4335 | D:5      | 4335 ||| DRINKING 2 fuming emerald potions.
  4336 | D:5      | 4336 ||| DROPPING potion of flight.
  4412 | D:6      | Reached skill level 7 in Axes
  4519 | D:6      | Reached ** piety under Okawaru
  4540 | D:6      | 4540 ||| INVOKING Heroism.
  4562 | D:6      | 4562 ||| Stepping ~*~*~tactically~*~*~ (stealth).
  4563 | D:6      | 4563 ||| Stepping ~*~*~tactically~*~*~ (stealth).
  4564 | D:6      | 4564 ||| Stepping ~*~*~tactically~*~*~ (stealth).
  4565 | D:6      | 4565 ||| Stepping ~*~*~tactically~*~*~ (stealth).
  4928 | D:6      | 4928 ||| INVOKING Heroism.
  5003 | D:6      | 5003 ||| Stepping ~*~*~tactically~*~*~ (hiding).
  5004 | D:6      | 5004 ||| Stepping ~*~*~tactically~*~*~ (hiding).
  5086 | D:6      | 5086 ||| Stepping ~*~*~tactically~*~*~ (stealth).
  5101 | D:6      | Reached skill level 8 in Axes
  5281 | D:6      | 5281 ||| UPGRADING to +0 plate armour.
  5291 | D:6      | 5291 ||| DROPPING +0 chain mail.
  5292 | D:6      | 5292 ||| READING scroll labelled XOYXKUDUTZON.
  5293 | D:6      | 5293 ||| READING 2 scrolls labelled FEGIUM SOCU.
  5294 | D:6      | 5294 ||| READING 4 scrolls of identify.
  5294 | D:6      | 5294 ||| IDENTIFYING bubbling coppery potion
  5295 | D:6      | 5295 ||| READING 3 scrolls of identify.
  5295 | D:6      | 5295 ||| IDENTIFYING inky potion
  5296 | D:6      | 5296 ||| READING 2 scrolls of identify.
  5296 | D:6      | 5296 ||| IDENTIFYING viscous coppery potion
  5297 | D:6      | 5297 ||| DROPPING potion of ambrosia.
  5298 | D:6      | 5298 ||| DROPPING potion of degeneration.
  5299 | D:6      | 5299 ||| DROPPING scroll of blinking.
  5379 | D:7      | 5379 ||| Stepping ~*~*~tactically~*~*~ (stealth).
  5381 | D:7      | 5381 ||| Stepping ~*~*~tactically~*~*~ (stealth).
  5394 | D:7      | Reached XP level 9. HP: 54/54 MP: 12/12
  5402 | D:7      | Found an ornate altar of the Wu Jian Council.
  5414 | D:7      | Noticed Duvessa
  5415 | D:7      | 5415 ||| INVOKING Heroism.
  5416 | D:7      | 5416 ||| Stepping ~*~*~tactically~*~*~ (stealth).
  5417 | D:7      | Noticed Dowan
  5425 | D:7      | Killed Duvessa
  5426 | D:7      | Reached skill level 6 in Fighting
  5427 | D:7      | Killed Dowan
  5457 | D:7      | 5457 ||| Stepping ~*~*~tactically~*~*~ (hiding).
  5477 | D:7      | Reached *** piety under Okawaru
  5545 | D:7      | 5545 ||| READING scroll of brand weapon.
  5545 | D:7      | 5545 ||| BRANDING +1 war axe of protection.
  5563 | D:7      | 5563 ||| Stepping ~*~*~tactically~*~*~ (stealth).
  5564 | D:7      | 5564 ||| Stepping ~*~*~tactically~*~*~ (stealth).
  5566 | D:7      | 5566 ||| Stepping ~*~*~tactically~*~*~ (hiding).
  5580 | D:7      | 5580 ||| INVOKING Heroism.
  5713 | D:7      | Reached skill level 9 in Axes
  5750 | D:7      | 5750 ||| Stepping ~*~*~tactically~*~*~ (hiding).
  5869 | D:7      | 5869 ||| Stepping ~*~*~tactically~*~*~ (hiding).
  5872 | D:7      | 5872 ||| INVOKING Heroism.
  5895 | D:7      | 5895 ||| INVOKING Heroism.
  6092 | D:7      | 6092 ||| INVOKING Heroism.
  6336 | D:7      | 6336 ||| UPGRADING to +5 ring of evasion.
  6337 | D:7      | 6337 ||| READING 2 scrolls of identify.
  6337 | D:7      | 6337 ||| IDENTIFYING glowing silvery potion
  6423 | D:8      | Found a radiant altar of Vehumet.
  6437 | D:8      | 6437 ||| Stepping ~*~*~tactically~*~*~ (stealth).
  6457 | D:8      | 6457 ||| INVOKING Heroism.
  6577 | D:8      | 6577 ||| Stepping ~*~*~tactically~*~*~ (stealth).
  6585 | D:8      | 6585 ||| Stepping ~*~*~tactically~*~*~ (stealth).
  6594 | D:8      | Reached skill level 6 in Armour
  6601 | D:8      | 6601 ||| DROPPING +0 flail.
  6646 | D:8      | 6646 ||| Stepping ~*~*~tactically~*~*~ (hiding).
  6648 | D:8      | 6648 ||| INVOKING Heroism.
  6700 | D:8      | Noticed a gargoyle
  6705 | D:8      | 6705 ||| INVOKING Heroism.
  6709 | D:8      | Killed from afar by a gargoyle

Levels and vault maps discovered:
D:1:      wander_arrival_lonely_grave, layout_loops_ring,
          hellmonk_ecumenical_altar_pennies_from_heaven, serial_shops, shop
D:2:      layout_basic, minmay_vboxes
D:3:      layout_loops_ring, grunt_qazlal_clouds, grunt_temple_overflow_diamond,
          minmay_misc_feat_five
D:4:      minmay_diamond_boxcup, layout_loops_ring, elyvilon_altar_4,
          minmay_strange_pillars
D:5:      layout_loops_cross, xom_redecorated,
          minmay_temple_entry_drinking_statues, uniq_crazy_yiuf_cottage
D:6:      layout_basic
D:7:      layout_loops_ring, nicolae_wu_jian_wuxing_cycle, uniq_duvessa
D:8:      layout_basic, slow_altar_2, mainiacjoe_overflow_surrounded_room,
          hellmonk_lair_entry_icy, amcnicky_mini_rare_corridor_liquid,
          chequers_serial_rivers_marsh, eino_curves_01, uniq_pikel

Skill      XL: |  1  2  3  4  5  6  7  8  9 |
---------------+----------------------------+-----
Axes           | 2 3 4 5 6 8 9 |  9.3
Fighting       | 4 5 7 |  7.0
Dodging        | 1 |  1.0
Throwing       | 1 2 |  2.5
Invocations    | 2 4 |  4.2
Armour         | 4 6 |  6.0
Shields        | 4 |  4.2

Action                     |  1- 3 |  4- 6 |  7- 9 || total
---------------------------+-------+-------+-------++-------
  Melee: War axe           |   107 |   115 |   243 ||   465
  Throw: Javelin           |       |    19 |    43 ||    62
         Boomerang         |       |       |     6 ||     6
 Invoke: Heroism           |       |     3 |    11 ||    14
    Use: Scroll            |     2 |     9 |     7 ||    18
         Potion            |     1 |     1 |     2 ||     4
 Armour: Scale mail        |    49 |    50 |       ||    99
         Chain mail        |       |     1 |    60 ||    61
         Plate armour      |       |       |    89 ||    89
  Dodge: Dodged            |    51 |    39 |    83 ||   173
  Block: Buckler           |    18 |    20 |    44 ||    82

Table legend:
 A = Non-vault XP
 B = Vault XP
 C = Vault XP percentage of total XP
 D = Non-vault monster count
 E = Vault monster count
 F = Vault count percentage of total count
                 A         B        C        D         E       F
            +---------+---------+-------+---------+---------+-------
      Total |    4203 |     383 |   8.4 |     142 |      18 |  11.2
            +---------+---------+-------+---------+---------+-------
        D:1 |      40 |       0 |   0.0 |      22 |       0 |   0.0
        D:2 |      18 |      30 |  62.5 |      13 |       7 |  35.0
        D:3 |     138 |       0 |   0.0 |      13 |       0 |   0.0
        D:4 |     238 |     144 |  37.7 |      24 |       9 |  27.3
        D:5 |     671 |       0 |   0.0 |      15 |       0 |   0.0
        D:6 |     970 |       0 |   0.0 |      12 |       0 |   0.0
        D:7 |    1582 |     209 |  11.7 |      31 |       2 |   6.1
        D:8 |     546 |       0 |   0.0 |      12 |       0 |   0.0
            +---------+---------+-------+---------+---------+-------
